 Dungeon Crawl Stone Soup version 0.29-a0-876-gfc89b1a5bd (webtiles) character file.

Game seed: 16089434051367663181

4911 Gwenloh the Basher (level 10, -5/147 HPs)
             Began as a Troll Chaos Knight on July 14, 2022.
             Was a Plaything of Xom.
             Slain by an orc warrior
             ... wielding a +0 scimitar
              (7 damage)
             ... in a bailey on July 19, 2022.
             The game lasted 00:30:44 (7430 turns).

Gwenloh the Basher (Troll Chaos Knight)             Turns: 7430, Time: 00:30:45

Health: -5/147     AC: 25    Str: 21    XL:     10   Next: 27%
Magic:  10/10      EV:  1    Int:  7    God:    Xom [.*....]
Gold:   301        SH:  0    Dex: 17    Spells: 9/9 levels left

rFire   . . .      SeeInvis .   a - +4 flail
rCold   . . .      Faith    .   (no shield)
rNeg    . . .      Spirit   .   (body armour currently unavailable)
rPois   +          Reflect  .   (helmet currently unavailable)
rElec   .          Harm     .   (cloak currently unavailable)
rCorr   .          Rampage  .   (gloves unavailable)
Will    .....      Clarity  +   (boots unavailable)
Stlth   ++........ NoTele   +   F - amulet of the acrobat
HPRegen 1.14/turn               g - +4 ring of evasion
MPRegen 0.12/turn               (no ring)

@: tree-form, unable to read
A: stationary, stasis, torment immunity, boosted hp, large, unfitting armour,
(claws 3), regeneration 1, (shaggy fur 1), (tough skin 1), (antennae 1), (hooves
1), (iridescent scales 2), agile 1, clarity, (deformed body), high MP 1, (poison
resistance), screaming 1, evolution 1, inability to read while threatened 1,
MP-powered wands
a: Renounce Religion


You were in a bailey.
You worshipped Xom.
You were a plaything of Xom.
You were a tree.
You visited 1 branch of the dungeon, and saw 9 of its levels.
You also visited: Bailey.

You collected 620 gold pieces.
You spent 319 gold pieces at shops.

Inventory:

Hand Weapons
 a - a +4 flail (weapon)
 b - a +0 sling
 t - a +1 halberd of flaming
 K - a +0 mace of chaos
Missiles
 k - 3 boomerangs (quivered)
 l - 3 large rocks
Armour
 e - a +2 robe
 r - +0 steam dragon scales (melded)
Jewellery
 g - a +4 ring of evasion (left branch)
 o - an amulet of guardian spirit
 w - an amulet of faith
 z - a ring of flight
 C - a ring of fire
 F - an amulet of the acrobat (around neck)
 G - a ring of positive energy
 I - a ring of wizardry
Wands
 A - a wand of paralysis (10)
 E - a wand of mindburst (11)
Scrolls
 d - 2 scrolls of enchant weapon
 h - 3 scrolls of amnesia
 i - 3 scrolls of enchant armour
 j - a scroll of immolation
 m - 3 scrolls of fog
 p - 5 scrolls of teleportation
 u - 5 scrolls of silence
 y - a scroll of blinking
 B - a scroll of poison
 H - a scroll of torment
Potions
 f - 3 potions of lignification
 n - 2 potions of might {unknown}
 q - 5 potions of curing {unknown}
 s - a potion of berserk rage {unknown}
 v - a potion of cancellation {unknown}
 x - a potion of resistance {unknown}
 D - 2 potions of attraction {unknown}
 L - a potion of haste {unknown}
Miscellaneous
 c - a piece from Xom's chessboard (15/15)


   Skills:
 + Level 5.7 Fighting
 + Level 12.4 Maces & Flails
 + Level 3.7 Ranged Weapons
 + Level 5.5 Dodging


You had 9 spell levels left.
You didn't know any spells.
Your spell library contained the following spells:

 Spells                   Type           Power      Damage    Failure   Level
 Ensorcelled Hibernation  Hex/Ice        0%         N/A       56%         2
 Passwall                 Tmut/Erth      0%         N/A       56%         2
 Confusing Touch          Hex            0%         N/A       80%         3
 Swiftness                Air            0%         N/A       80%         3
 Yara's Violent Unravell  Hex/Tmut       0%         3d3       100%        5
 Enfeeble                 Hex            0%         N/A       100%        7


Dungeon Overview and Level Annotations

Branches:
Dungeon (9/15)             Temple (0/1) D:5             Orc (0/2) D:9
 Bailey (1/1)
   Lair: D:8-11

Altars:
Ashenzari
Nemelex Xobeh
Okawaru
Qazlal
Ru
Xom
Zin

Shops:
D:5 (   D:6 :*!   D:8 ?   D:9 [


Innate Abilities, Weirdness & Mutations

You are a tree.
Your roots penetrate the ground, keeping you stationary.
You cannot be teleported.
You are immune to unholy pain and torment.
Your maximum health is greatly increased.
Your equipment is partially melded.
You are too large for most types of armour.
((You have claws for hands.))
Your natural rate of healing is unusually fast.
((You are covered in fur. (AC +1)))
((You have tough skin. (AC +1)))
((You have a pair of small antennae on your head.))
((You have large cloven feet.))
((You are mostly covered in iridescent scales. (AC +4)))
You are agile. (Dex +4, Str/Int -1)
You possess an exceptional clarity of mind.
((Armour fits poorly on your strangely shaped body.))
You have an increased reservoir of magic. (+10% MP)
((Your system is resistant to poisons. (rPois)))
You occasionally shout uncontrollably at your foes.
You have hidden genetic potential.
You occasionally lose the ability to read scrolls when taking damage.
You expend magic power (3 MP) to strengthen your wands.


Message History

You closely miss the orc warrior.
The orc warrior is heavily wounded.
You sock the orc warrior!
The orc warrior is almost dead.
The orc warrior hits you with a +0 glaive!
The orc warrior hits you from afar with a +0 glaive!
You thump the orc warrior!
You kill the orc warrior!
The orc warrior closely misses you. The orc warrior closely misses you.
Things that are here:
a +0 glaive; a +0 ring mail; an orc corpse You thump the orc warrior!
The orc warrior is heavily wounded.
The orc warrior closely misses you.
The orc warrior hits you with a +0 glaive!
* * * LOW HITPOINT WARNING * * *
You barely miss the orc warrior.
You kick the orc warrior, but do no damage.
The orc warrior is heavily wounded.
The gnoll barely misses you.
The orc warrior hits you with a +0 scimitar.
* * * LOW HITPOINT WARNING * * *
You thump the orc warrior!
The orc warrior is severely wounded.
The orc warrior hits you with a +0 glaive!
You feel threatened and lose the ability to read scrolls!
* * * LOW HITPOINT WARNING * * *
The gnoll hits you from afar with a +0 halberd!
* * * LOW HITPOINT WARNING * * *
Xom roars with laughter!
Okay, then.
You cannot read scrolls in your current state!
Unknown command.
It was a potion of lignification.
You turn into a tree.
Your +0 steam dragon scales melds into your body.
Your roots penetrate the ground.
The orc warrior hits you with a +0 scimitar!
You die...
Xom guffaws!

≈.######## ##########)).#
≈.##.$$$.##.....§...##.....##.≈.#
≈..##.$.##..≈≈≈§≈§≈..##...##.o≈.#
≈≈..##.##.§≈≈..§.§≈≈..'#.##).)≈.#
)≈≈..#+# .§≈§..⌠...≈§..#'#.o≈≈.##
.≈≈..# .§§§.⌠∩⌠......#'#..≈≈.∩#
≈≈..## ..≈≈.....§≈..## ##.)≈≈.#
≈..## #..≈≈≈≈≈≈≈o.# ##.)≈.# ≈.##
#.....♣ogo# ##.≈.#
≈)#############o###)#########.≈.#
≈)..)......##.....##.o..o...†)≈.#
≈)))≈≈≈≈≈≈..##.∩.##..≈≈≈≈≈≈≈≈≈≈.#
.........≈≈..##.##..≈≈..........#
########..≈≈..###..≈≈..##########
##..≈≈.....≈≈..## ##..≈≈g≈≈≈≈..##
##.........##


You could see 2 orc warriors, a gnoll and 2 orcs.

Vanquished Creatures
  A hornet (D:7)
  A tarantella (shapeshifter) (D:5)
  4 yaks (D:5)
  A fire bat (Bailey)
  A steam dragon (D:7)
  2 water moccasins
  2 sky beasts
  3 orc warriors (Bailey)
  An ice beast (D:7)
  A black bear (D:5)
  2 ogres
  2 centaurs (D:8)
  A phantom (D:4)
  2 necrophages
  4 scorpions
  2 bullfrogs
  3 wights (D:8)
  9 killer bees
  5 hounds
  2 jellies
  2 gnoll boudas
  4 orc priests
  7 iguanas
  5 orc wizards
  23 gnolls
  13 adders
  A river rat (D:6)
  A white imp (D:6)
  An ufetubus (D:5)
  2 worms
  4 dart slugs
  54 orcs
  7 bats
  4 endoplasms
  2 giant cockroaches
  11 goblins
  4 hobgoblins
  7 jackals
  4 kobolds
  7 quokkas
  6 ball pythons
  3 frilled lizards
  5 rats
226 creatures vanquished.

Vanquished Creatures (others)
  An orc (D:6)
  A jackal (D:2)
2 creatures vanquished.

Grand Total: 228 creatures vanquished

Notes
Turn   | Place    | Note
-------+----------+-------------------------------------------
     0 | D:1      | Gwenloh the Troll Chaos Knight began the quest for the Orb.
     0 | D:1      | Reached XP level 1. HP: 22/22 MP: 0/0
   103 | D:1      | XOM: silly message
   172 | D:1      | Reached XP level 2. HP: 29/29 MP: 1/1
   248 | D:1      | Reached skill level 3 in Maces & Flails
   395 | D:1      | XOM: divination: detect creatures
   562 | D:1      | Found a faded altar of an unknown god.
   837 | D:2      | Upgraded the game from 0.29-a0-841-g116ddc6ace to
                  | 0.29-a0-845-g6161e89988
   843 | D:2      | Reached XP level 3. HP: 36/36 MP: 2/2
   920 | D:2      | Reached XP level 4. HP: 43/45 MP: 3/3
  1430 | D:3      | XOM: smoke on damage
  1610 | D:3      | Reached XP level 5. HP: 53/53 MP: 4/4
  2073 | D:3      | XOM: silly message
  2128 | D:3      | XOM: silly message
  2399 | D:4      | Reached skill level 1 in Ranged Weapons
  2478 | D:4      | Noticed a phantom
  2481 | D:4      | XOM: potion effect (experience)
  2481 | D:4      | Reached skill level 11 in Maces & Flails
  2481 | D:4      | Reached XP level 6. HP: 61/61 MP: 5/5
  2483 | D:4      | Reached XP level 7. HP: 67/67 MP: 6/6
  2744 | D:4      | XOM: give mutations
  2744 | D:4      | Gained mutation: You have a pair of small antennae on your
                  | head. [Xom's mischief]
  2744 | D:4      | Gained mutation: You occasionally lose the ability to read
                  | scrolls when taking damage. [Xom's mischief]
  2746 | D:4      | XOM: swap monsters
  2861 | D:4      | XOM: 2-stop teleportation journey
  3012 | D:4      | XOM: give mutations
  3012 | D:4      | Gained mutation: You occasionally shout uncontrollably at
                  | your foes. [Xom's mischief]
  3012 | D:4      | Gained mutation: You are weak. (Str -2) [Xom's mischief]
  3012 | D:4      | Gained mutation: You are frail. (-10% HP) [Xom's mischief]
  3012 | D:4      | Gained mutation: You are clumsy. (Dex -2) [Xom's mischief]
  3018 | D:4      | XOM: torment (35/61 hp)
  3049 | D:4      | XOM: give mutations
  3049 | D:4      | Lost mutation: You are frail. (-10% HP) [Xom's mischief]
  3049 | D:4      | Gained mutation: You expend magic power (3 MP) to
                  | strengthen your wands. [Xom's mischief]
  3049 | D:4      | Gained mutation: Armour fits poorly on your strangely
                  | shaped body. [Xom's mischief]
  3112 | D:4      | XOM: god gift: wand of paralysis (3)
  3162 | D:4      | XOM: 4-stop teleportation journey
  3301 | D:5      | Entered Level 5 of the Dungeon
  3302 | D:5      | Upgraded the game from 0.29-a0-845-g6161e89988 to
                  | 0.29-a0-876-gfc89b1a5bd
  3308 | D:4      | XOM: scenery: create altars
  3312 | D:4      | XOM: cleaving
  3403 | D:4      | XOM: cast spell 'Alistair's Intoxication'
  3491 | D:5      | XOM: cast spell 'Alistair's Intoxication'
  3555 | D:5      | XOM: swap monsters
  3561 | D:5      | Reached XP level 8. HP: 78/78 MP: 7/7
  3569 | D:5      | Found Joucegh's Antique Weapon Boutique.
  3884 | D:5      | Found a stormy altar of Qazlal.
  3924 | D:5      | Found a staircase to the Ecumenical Temple.
  3945 | D:5      | XOM: fog
  3967 | D:5      | XOM: summons 2 friendly demons
  3968 | D:5      | XOM: 4-stop teleportation journey
  3978 | D:5      | Found a broken altar of Ashenzari.
  4004 | D:5      | Found an iron altar of Okawaru.
  4009 | D:5      | XOM: divination: detect creatures
  4011 | D:5      | XOM: silly message
  4371 | D:6      | Found Masev's Distillery.
  4391 | D:6      | Bought a potion of heal wounds for 65 gold pieces
  4391 | D:6      | Bought a potion of heal wounds for 65 gold pieces
  4443 | D:6      | XOM: noise
  4454 | D:6      | Noticed a shapeshifter
  4454 | D:6      | an orc priest changed into a shapeshifter
  4454 | D:6      | Noticed a komodo dragon
  4454 | D:6      | a shapeshifter changed into a komodo dragon
  4463 | D:6      | XOM: divination: detect creatures
  4472 | D:5      | XOM: divination: detect items
  4476 | D:5      | Noticed a tarantella
  4476 | D:5      | a komodo dragon changed into a tarantella
  4483 | D:5      | Killed a tarantella
  4484 | D:5      | Reached XP level 9. HP: 51/85 MP: 8/8
  4536 | D:5      | XOM: potion effect (haste)
  4733 | D:6      | Reached skill level 12 in Maces & Flails
  4745 | D:6      | XOM: give mutations
  4745 | D:6      | Lost mutation: You are clumsy. (Dex -2) [Xom's grace]
  4745 | D:6      | Gained mutation: You are partially covered in iridescent
                  | scales. (AC +2) [Xom's grace]
  4745 | D:6      | Gained mutation: You have hidden genetic potential. [Xom's
                  | grace]
  4745 | D:6      | Gained mutation: You possess an exceptional clarity of
                  | mind. [Xom's grace]
  5151 | D:6      | Found Bitsext's General Store.
  5232 | D:6      | XOM: give mutations
  5232 | D:6      | Gained mutation: You have large cloven feet. [Xom's grace]
  5232 | D:6      | Gained mutation: Your system is resistant to poisons.
                  | (rPois) [Xom's grace]
  5232 | D:6      | Gained mutation: You are mostly covered in iridescent
                  | scales. (AC +4) [Xom's grace]
  5261 | D:6      | Found Qefuqu Mucem's Book Shoppe.
  5284 | D:6      | XOM: polymorph iguana -> river rat
  5291 | D:6      | XOM: cloud trail
  5412 | D:7      | XOM: confuse monster(s)
  5415 | D:7      | XOM: cast spell 'Olgreb's Toxic Radiance'
  5528 | D:7      | Reached skill level 5 in Fighting
  5594 | D:7      | XOM: cleaving
  5610 | D:7      | XOM: destruction
  5752 | D:7      | Reached skill level 5 in Dodging
  5890 | D:7      | Found a sparkling altar of Nemelex Xobeh.
  6070 | D:7      | Found a glowing silver altar of Zin.
  6268 | D:8      | Reached XP level 10. HP: 29/88 MP: 9/9
  6336 | D:8      | XOM: cloud trail
  6399 | D:8      | Found Zafauj's Magic Scroll Emporium.
  6408 | D:8      | Bought a scroll of identify for 28 gold pieces
  6408 | D:8      | Bought a scroll of identify for 28 gold pieces
  6408 | D:8      | Bought a scroll of identify for 28 gold pieces
  6408 | D:8      | Bought a scroll of enchant armour for 105 gold pieces
  6480 | D:8      | XOM: scenery: summon butterflies
  6614 | D:8      | XOM: give mutations
  6614 | D:8      | Lost mutation: You are weak. (Str -2) [Xom's grace]
  6614 | D:8      | Gained mutation: You are agile. (Dex +4, Str/Int -1) [Xom's
                  | grace]
  6728 | D:8      | Found a sacrificial altar of Ru.
  6969 | D:8      | XOM: scenery: summon butterflies
  7010 | D:9      | Found Ewke's Armour Emporium.
  7092 | D:9      | Found a flagged portal.
  7119 | Bailey   | Entered a bailey
  7216 | Bailey   | Gained mutation: You have an increased reservoir of magic.
                  | (+10% MP) [hidden potential]
  7283 | Bailey   | XOM: polymorph orc warrior -> bullfrog
  7297 | Bailey   | XOM: polymorph orc -> rat
  7315 | Bailey   | XOM: confuse monster(s)
  7336 | Bailey   | XOM: polymorph orc warrior -> fire bat
  7429 | Bailey   | HP: 1/98 [gnoll/+0 halberd (13)]
  7430 | Bailey   | Slain by an orc warrior

Illustrated notes

Levels and vault maps discovered:
D:1:      minmay_arrival_loop, layout_loops_cross, basic_ecumenical_altar
D:2:      layout_basic
D:3:      layout_loops_corners, minmay_vboxes
D:4:      layout_gridville
D:5:      layout_basic, okawaru_metal_pillars_3,
          mainiacjoe_overflow_small_starburst,
          mainiacjoe_overflow_surrounded_room, temple_pool_b, serial_shops,
          nicolae_shop_advertising_works [nicolae_subvault_shop_adworks],
          nicolae_fountain_basement
D:6:      layout_basic, serial_shops, shop,
          nicolae_shop_temple_entry_statues_fountains, nicolae_shop_behind_doors
D:7:      layout_cave_pools, mainiacjoe_overflow_big_doors
D:8:      layout_cave_pods, lemuel_round_altar, serial_shops,
          nicolae_square_shop
D:9:      layout_gridville, david_orc_1_choice, lightli_bailey_entry_fortress,
          serial_shops, nicolae_shop_trees, shop, shop, serial_ice,
          serial_ice_g, serial_ice_k, serial_ice_o, serial_ice_d, serial_ice_n,
          serial_ice_b
Bailey:   bailey_polearm_1, bailey

Skill      XL: |  1  2  3  4  5  6  7  8  9 |
---------------+----------------------------+-----
Dodging        | 2 3 4 5 |  5.5
Maces & Flails | 3 11 12 | 12.4
Fighting       | 3 4 5 |  5.7
Ranged Weapons | 1 2 3 |  3.7

Action                   |  1- 3 |  4- 6 |  7- 9 | 10-12 || total
-------------------------+-------+-------+-------+-------++-------
Melee: Mace              |    74 |    82 |   458 |     3 ||   617
       Punch             |     1 |       |    10 |       ||    11
       Kick              |       |       |    31 |    51 ||    82
       Flail             |       |       |       |   142 ||   142
       Sling             |       |       |       |    17 ||    17
 Fire: Sling             |    44 |    74 |   112 |    14 ||   244
Throw: Stone             |     8 |       |       |       ||     8
       Large rock        |       |    11 |     6 |       ||    17
       Boomerang         |       |       |    13 |     5 ||    18
Evoke: Piece from Xom's  |     1 |       |       |       ||     1
  Use: Scroll            |       |       |     8 |     5 ||    13
       Potion            |       |       |     4 |     2 ||     6
 Stab: Confused          |       |       |     1 |       ||     1
Armor: Robe              |    38 |    23 |    65 |       ||   126
       Steam dragon scal |       |       |    20 |    43 ||    63
Dodge: Dodged            |    69 |    67 |   386 |   216 ||   738

Table legend: (Time is in decaauts)
 A = Elapsed time spent in this place.
 B = Non-inter-level travel time spent in this place.
 C = Inter-level travel time spent in this place.
 D = Time resting spent in this place.
 E = Time spent auto-exploring this place.
 F = Levels seen in this place.
 G = Mean time per level.
                   A        B        C        D        E       F      G
               +--------+--------+--------+--------+--------+-----+--------+
         Total |   7387 |   6979 |    408 |    389 |   4558 |  10 |  738.7 |
       Dungeon |   7095 |   6687 |    408 |    369 |   4491 |   9 |  788.3 |
        Bailey |    291 |    291 |      0 |     20 |     67 |   1 |  291.0 |
               +--------+--------+--------+--------+--------+-----+--------+

Top non-repeatable levels by time:
     D:4: 1151 daAuts
     D:3: 1056 daAuts
     D:5: 992 daAuts
     D:8: 919 daAuts
     D:6: 855 daAuts
     D:1: 853 daAuts
     D:7: 671 daAuts
     D:2: 518 daAuts
  Bailey: 291 daAuts
     D:9: 78 daAuts
